Unix NetHack Version 5.0.0-0 post-release - last build Jun 10 2026 00:39:30 (3ee93aec679c4c4259841fe613dc97188e26a321,branch:main).

Game began 2026-06-25 13:16:17, ended 2026-06-25 13:38:35.

DiePARTEI, neutral female human Tourist

                  ---
                ---.--                                                    ----
               --....|               ----             ---                --..--
               |.....|             ---..--------  -----.|                |....|
    ------  ----.....|             |.........).----.|...----     ---------...--
    |....| --.|.....--      --------.[...).)%|..|-.........-------...........|
    --...| |......---       |..........^...%.|-.|...........|......---------.|
     --..--|......|         |...---....|....--|.................----       ---
      |...||--....--        |.-.| --...---..| |...................|
      ---.||.......|        --..|  ---..|---- ---.................---
        |.||.|..|.--        --.-- ---|..----    --..................|
      ---.||.|-----         |..| --..|.....|     --.................--
      |...--.|        ----  |.-- |.........--     --.................|
      |......|        |..| --.|  |-.........---    |.................--
      |..--..---      |..--|..| --............---- |..---s)).)h@......--
      --.......|   ----...-|.-- |%...|...........--------...%.....>--..|
       |.......-----.......|.| --..----..........<--- |.....|.--...--..--
       |.........|...---.....| |..--  |.............| |....----|........--
       ----........--- ---...| |..|   ---.----.--...| ---..|   ---.......|
          ------.---     --.-- ----     ---  ---|..--   ----     ---.--.--
               ---        ---                   ----               ------
DiePARTEI the Sightseer     St:12 Dx:10 Co:17 In:13 Wi:10 Ch:16  Neutral
Dlvl:5  $:75 HP:0(44) Pw:15(15) AC:1  Xp:4 T:1683  Burdened

Latest messages:
 In what direction? 4
 The dart hits the dwarf!
 The dwarf thrusts his broad short sword.
 The dwarf hits!
 In what direction? 4
 The dart misses the dwarf.
 The dwarf thrusts his broad short sword.
 The dwarf misses!
 Are you sure you want to pray? [yn] (n) y
 You begin praying to The Lady.
 You are surrounded by a shimmering light.
 The dwarf starts to attack you, but pulls back.
 The dwarf starts to attack you, but pulls back.
 You finish your prayer.
 You feel that The Lady is well-pleased.
 You feel much better.
 You have a little trouble lifting U - a stout spear.
 You miss the dwarf.
 The dwarf thrusts his broad short sword.
 The dwarf hits!
 There is nothing here to pick up.
 You miss the dwarf.
 There is nothing here to pick up.
 You miss the dwarf.
 There is nothing here to pick up.
 You miss the dwarf.
 There is nothing here to pick up.
 You miss the dwarf.
 The dwarf thrusts his broad short sword.
 The dwarf hits!
 The dwarf thrusts his broad short sword.
 The dwarf hits!
 There is nothing here to pick up.
 You miss the dwarf.
 The dwarf thrusts his broad short sword.
 The dwarf hits!
 There is nothing here to pick up.
 You miss the dwarf.
 In what direction? 4
 The dart hits the dwarf!
 The dwarf thrusts his broad short sword.
 The dwarf hits!
 What do you want to zap? [S or ?*] S
 In what direction? 4
 The wand misses the dwarf.
 The dwarf thrusts his broad short sword.
 The dwarf hits!
 You die...
 Do you want your possessions identified? [ynq] (y) y
 Do you want to see your attributes? [ynq] (y) q

Inventory:
 Coins    ('$')
  $ - 75 gold pieces
 Weapons  (')')
  N - 7 +1 orcish arrows
  a - 16 +2 darts (at the ready)
  u - 40 +1 darts
  U - a cursed -1 dwarvish spear
 Armor    ('[')
  J - an uncursed +0 cornuthaum
  w - an uncursed +0 orcish helm
  x - an uncursed +0 orcish helm (being worn)
  O - an uncursed +0 pair of iron shoes
  K - an uncursed +0 pair of kicking boots (being worn)
  P - an uncursed +0 dwarvish cloak (being worn)
  i - an uncursed +0 Hawaiian shirt with a toucan motif (being worn)
  A - an uncursed +0 plate mail (being worn)
 Comestibles  ('%')
  d - an uncursed slime mold
  M - an uncursed cram ration
  c - 11 uncursed food rations
  b - 2 uncursed fortune cookies
  y - an uncursed melon
 Scrolls  ('?')
  C - a cursed scroll of enchant weapon
  h - an uncursed scroll of magic mapping
  R - an uncursed scroll of teleportation
  Q - a cursed scroll of teleportation
 Rings    ('=')
  o - an uncursed +1 ring of gain constitution (on left hand)
 Wands    ('/')
  S - a wand of striking (0:3)
 Tools    ('(')
  I - an expensive camera (0:77)
  j - an expensive camera (0:30)
  L - an uncursed leash
  F - a cursed leash
  v - a cursed skeleton key
 Gems/Stones  ('*')
  t - an uncursed amber stone
  r - an uncursed worthless piece of green glass
  T - 2 uncursed worthless pieces of orange glass
  s - an uncursed worthless piece of yellow glass

DiePARTEI the Tourist's attributes:

Background:
 You were a Sightseer, a level 4 female human Tourist.
 You were neutral, on a mission for The Lady
 who was opposed by Blind Io (lawful) and Offler (chaotic).
 You were right-handed.
 You were in the Gnomish Mines, on level 5.
 You entered the dungeon 1683 turns ago.
 You had 115 experience points, 45 more were needed to attain level 5.

Basics:
 You had 0 out of 44 hit points.
 You had all 15 energy points (spell power).
 Your armor class was 1.
 Your wallet contained 75 zorkmids.
 Autopickup was off.

Final Characteristics:
 Your strength was 12 (limit:18/100).
 Your dexterity was 10 (limit:18).
 Your constitution was 17 (base:16, limit:18).
 Your intelligence was 13 (limit:18).
 Your wisdom was 10 (limit:18).
 Your charisma was 16 (limit:18).

Final Status:
 You weren't hungry.
 You were burdened; movement was slightly slowed.
 You were bare handed.
 You were unskilled in bare handed combat.

Final Attributes:
 You were devoutly aligned.
 Your items were somewhat protected from fire.
 Your items were somewhat protected from cold.
 You were guarded.
 You are dead.

Miscellaneous:
 You didn't encounter any bones levels.
 Total elapsed playing time was 22 minutes and 18 seconds.

Major events:
 Turn
    1: DiePARTEI the neutral female human Tourist entered the dungeon
 1455: entered the Gnomish Mines
 1509: attained the rank of Sightseer (level 3)
 1583: reached Mine Town
 1683: killed by a dwarf

You didn't know any spells.

Skills:
 Fighting Skills
   bare handed combat [Unskilled]
   two weapon combat  [Unskilled]
   riding             [Unskilled]
 Weapon Skills
   dagger             [Unskilled]
   knife              [Unskilled]
   axe                [Unskilled]
   pick-axe           [Unskilled]
   short sword        [Unskilled]
   broadsword         [Unskilled]
   long sword         [Unskilled]
   two-handed sword   [Unskilled]
   saber              [Unskilled]
   mace               [Unskilled]
   morning star       [Unskilled]
   flail              [Unskilled]
   hammer             [Unskilled]
   quarterstaff       [Unskilled]
   polearms           [Unskilled]
   spear              [Unskilled]
   trident            [Unskilled]
   lance              [Unskilled]
   bow                [Unskilled]
   sling              [Unskilled]
   crossbow           [Unskilled]
   dart               [Basic]
   shuriken           [Unskilled]
   boomerang          [Unskilled]
   whip               [Unskilled]
   unicorn horn       [Unskilled]
 Spellcasting Skills
   divination spells  [Unskilled]
   enchantment spells [Unskilled]
   escape spells      [Unskilled]

Voluntary challenges:
 Character rerolling was not enabled.
 You never hit with a wielded weapon.
 You never genocided any monsters.
 You never polymorphed an object.
 You never changed form.
 You used no wishes.
Achievements:
 You entered a shop.
 You entered the Gnomish Mines.
 You attained the rank of Sightseer.
 You entered Minetown.

 The Dungeons of Doom: levels 1 to 3
    Level 1:
       A fountain.
    Level 2:
       A general store, an altar to The Lady.
    Level 3:
       A fountain.
       Stairs down to The Gnomish Mines.
 The Gnomish Mines: levels 4 to 6
    Level 4:
    Level 5: <- You were here.
       Final resting place for
          you, killed by a dwarf.
    Level 6:
       An altar, some fountains.


Vanquished creatures:
  2 gnome leaders
  3 dwarves
  a hobbit
  6 gnomes
  7 jackals
  2 foxes
  2 goblins
  5 grid bugs
  a lichen
  a kobold zombie
  4 newts
34 creatures vanquished.

No species were genocided or became extinct.

Game over:
                       ----------
                      /          \
                     /    REST    \
                    /      IN      \
                   /     PEACE      \
                  /                  \
                  |    DiePARTEI     |
                  |      75 Au       |
                  |   killed by a    |
                  |      dwarf       |
                  |                  |
                  |                  |
                  |       2026       |
                 *|     *  *  *      | *
        _________)/\\_//(\/(/\)/\//\/|_)_______

Aloha DiePARTEI the Tourist...

You died in The Gnomish Mines on dungeon level 5 with 759 points,
and 75 pieces of gold, after 1683 moves.
You were level 4 with a maximum of 44 hit points when you died.

